Map: Sludge City

Players

Rooker - Winner!

  • Race: Terran Terran
  • Spawn Location: 5:00

PhuttBucker - Winner!

  • Race: Terran Terran
  • Spawn Location: 5:00

Kaxolix

  • Race: Terran Terran
  • League: Silver
  • Spawn Location: 11:00

BBTheDroid

  • Race: Protoss Protoss
  • Spawn Location: 9:00

VOD

Have the link to the VOD?

Description

Time

  • Played on: July 3, 2026, 11:39 p.m.
  • Length: 8:03
Show
View Real Time Build Order
Export as new Build Order

Rooker Terran - Winner!

Build Orders:  

Get SALT Encoding   

  8  0:00  SCV  
  9  0:12  SCV  
  10  0:24  SCV  
  11  0:36  SCV  
  11  0:40  Supply Depot  
  12  0:48  SCV  
  13  1:02  SCV  
  13  1:03  Barracks  
  14  1:08  Refinery  
  14  1:14  SCV  
  15  1:26  SCV  
  16  1:38  SCV  
  17  1:41  Refinery  
  17  1:50  SCV  
  17  1:53  Bunker  
  18  1:54  Marine  
  19  2:03  Orbital Command  
  19  2:26  Barracks Reactor  
  19  2:27  Factory  
  19  2:31  SCV  
  20  2:43  SCV  
  21  2:48  Supply Depot  
  21  2:59  Supply Depot  
  21  3:10  SCV  
  22  3:13  Starport  
  22  3:22  Hellion x2  
  22  3:26  SCV  
  27  3:38  SCV  
  28  3:46  Hellion x2  
  32  3:51  Marine  
  33  3:56  Medivac  
  35  4:06  Fusion Core  
  35  4:08  SCV  
  35  4:09  Marine  
  37  4:31  Supply Depot x2  
  37  4:52  Marine, SCV  
  33  5:02  Starport Tech Lab  
  33  5:06  Command Center  
  31  5:14  Weapon Refit  
  31  5:17  Hellion x2  
  35  5:40  Battlecruiser  
  41  5:45  SCV  
  46  6:04  Hellion x2  
  46  6:15  Armory  
  46  6:18  Armory  
  46  6:26  Orbital Command  
  46  6:27  SCV  
  47  6:39  SCV  
  48  6:40  Hellion x2  
  52  6:51  SCV  
  49  7:03  SCV  
  50  7:39  Hellion  
  50  7:40  Hellion  
Show
View Real Time Build Order
Export as new Build Order

PhuttBucker Terran - Winner!

Build Orders:  

Get SALT Encoding   

  8  0:00  SCV  
  9  0:12  SCV  
  10  0:24  SCV  
  11  0:28  Supply Depot  
  11  0:38  SCV  
  12  0:56  SCV  
  13  1:01  Barracks  
  13  1:05  Refinery  
  13  1:15  SCV  
  14  1:27  SCV  
  15  1:39  SCV  
  16  1:48  Supply Depot  
  16  1:51  SCV  
  18  2:01  Reaper  
  18  2:03  SCV  
  19  2:15  SCV  
  20  2:27  SCV  
  20  2:28  Factory  
  21  2:49  Orbital Command, Command Center  
  22  3:02  Barracks Tech Lab  
  21  3:12  Factory Reactor  
  21  3:20  SCV  
  22  3:32  SCV, Stimpack  
  23  3:40  Marine  
  24  3:44  SCV  
  25  3:56  SCV  
  25  3:58  Marine  
  27  4:06  Starport  
  27  4:08  SCV  
  28  4:14  Orbital Command  
  28  4:16  Marine  
  29  4:20  SCV  
  30  4:33  SCV  
  30  4:34  Marine  
  32  4:45  SCV  
  33  4:52  Marine  
  34  4:57  SCV  
  35  5:00  Refinery  
  35  5:01  SCV  
  36  5:08  Refinery  
  36  5:09  SCV, Marine  
  36  5:10  Refinery  
  36  5:12  Combat Shield  
  36  5:13  SCV  
  39  5:21  SCV  
  40  5:25  SCV  
  40  5:27  Marine  
  42  5:42  SCV x2  
  44  5:52  Supply Depot  
  44  5:53  Supply Depot x2  
  44  5:54  SCV x2, Supply Depot  
  46  6:06  SCV x2, Command Center  
  48  6:18  SCV x2  
  50  6:25  Marine  
  51  6:30  Starport Tech Lab, SCV x2  
  53  6:42  SCV x2  
  56  6:52  Medivac  
  58  6:54  SCV  
  58  7:04  Siege Tank  
  58  7:06  SCV  
  58  7:07  Marine  
  58  7:08  Marine  
  64  7:20  Barracks  
  64  7:21  Barracks  
  64  7:22  Medivac  
  66  7:25  Marine  
  66  7:26  Marine, Orbital Command  
  66  7:28  SCV x2  
  73  7:40  SCV x2  
  73  7:43  Marine  
  73  7:44  Marine  
  81  7:58  Engineering Bay  
Show
View Real Time Build Order
Export as new Build Order

Kaxolix Terran 

Build Orders: Reaper Expand 

Get SALT Encoding   

  8  0:00  SCV  
  9  0:12  SCV  
  10  0:24  SCV  
  11  0:29  Supply Depot  
  11  0:36  SCV  
  12  0:48  SCV  
  12  0:49  Refinery  
  13  1:01  SCV  
  14  1:09  Barracks  
  14  1:14  SCV  
  15  1:26  SCV  
  16  1:39  SCV  
  17  1:51  SCV  
  18  1:56  Reaper  
  18  1:58  Supply Depot  
  19  2:10  Factory  
  19  2:17  SCV  
  20  2:29  Orbital Command  
  20  2:30  Barracks Tech Lab  
  20  2:38  Orbital Command  
  19  3:07  Refinery  
  19  3:10  SCV  
  20  3:13  Command Center  
  20  3:16  Marine  
  21  3:26  Cyclone  
  24  3:35  SCV  
  25  3:47  SCV  
  26  3:49  Supply Depot  
  26  3:52  Barracks Tech Lab  
  26  3:58  Barracks  
  26  4:01  Starport  
  26  4:09  Siege Tank  
  29  4:10  Marine  
  29  4:16  SCV  
  31  4:26  Orbital Command  
  31  4:28  SCV  
  32  4:38  Starport Reactor  
  32  4:40  SCV  
  32  5:13  SCV  
  32  5:14  SCV, Engineering Bay  
  34  5:23  Supply Depot  
  34  5:24  Medivac x2  
  34  5:26  SCV x2, Barracks Reactor, Marine  
  34  5:27  Cyclone  
  44  5:34  Barracks  
  44  5:36  Refinery  
  44  5:38  SCV x2  
  46  5:48  Terran Infantry Weapons Level 1  
  46  5:50  SCV x2  
  46  5:55  Missile Turret  
  48  5:59  Missile Turret  
  48  6:04  Missile Turret  
  48  6:06  Refinery  
  48  6:07  SCV x2, Missile Turret  
  50  6:13  Marine x3  
  50  6:15  Stimpack  
  50  6:16  Medivac  
  55  6:19  SCV x2  
  55  6:21  Barracks Reactor  
  57  6:31  SCV  
  58  6:35  Supply Depot  
  58  6:56  Marine x2, SCV x2  
  62  7:02  Marine x2  
  62  7:03  Marine  
  59  7:08  SCV  
  59  7:09  Cyclone  
  59  7:14  Marine  
  59  7:23  Medivac x2  
  62  7:41  Marine x2  
Show
View Real Time Build Order
Export as new Build Order

BBTheDroid Protoss 

Build Orders:  

Get SALT Encoding   

  8  0:00  Probe  
  9  0:12  Probe  
  10  0:26  Pylon  
  10  0:29  Probe  
  11  0:41  Assimilator  
  11  0:43  Probe  
  12  1:02  Gateway  
  12  1:05  Probe (Chrono Boost)  
  13  1:15  Probe (Chrono Boost)  
  14  1:20  Probe (Chrono Boost)  
  15  1:31  Probe  
  16  1:43  Probe  
  17  1:52  Cybernetics Core  
  17  1:54  Assimilator  
  16  2:24  Probe, Warp Gate (Chrono Boost)  
  16  2:28  Nexus  
  17  2:36  Probe  
  18  2:37  Adept  
  20  2:46  Pylon  
  20  2:59  Probe  
  21  3:12  Probe  
  22  3:15  Adept  
  24  3:23  Pylon  
  24  3:24  Probe  
  25  3:47  Stargate  
  25  3:50  Probe  
  26  4:02  Probe (Chrono Boost)  
  27  4:03  Probe (Chrono Boost)  
  28  4:13  Probe x2 (Chrono Boost)  
  30  4:17  Probe (Chrono Boost)  
  30  4:18  Probe (Chrono Boost)  
  32  4:28  Probe  
  32  4:29  Probe  
  34  4:38  Pylon  
  34  4:41  Pylon, Probe  
  32  4:46  Adept  
  22  5:07  Probe  
  22  5:11  Assimilator  
  22  5:12  Assimilator  
  23  5:20  Probe (Chrono Boost)  
  24  5:29  Oracle (Chrono Boost)  
  24  5:32  Probe (Chrono Boost)  
  28  5:37  Probe (Chrono Boost)  
  28  5:40  Gateway  
  28  5:42  Gateway  
  29  5:43  Gateway x2  
  29  5:45  Gateway  
  29  5:46  Gateway, Probe  
  29  5:47  Twilight Council  
  29  5:49  Gateway  
  30  5:58  Probe  
  31  6:10  Probe  
  32  6:22  Probe  
  33  6:34  Probe  
  34  6:55  Stalker  
  32  7:06  Stalker  
  27  7:31  Probe  
  24  7:43  Probe  
  22  7:45  Stalker  
Tags
 
Add a new tag
Caveats
  • Supply blocks, unpowered buildings, or Contaminate may cause inaccurate times.
  • Supply counts are checked every 10 seconds.